 Dungeon Crawl Stone Soup version 0.27.1-34-g3ba077fa99 (webtiles) character file.

Game seed: 165526853330083319

9 cbfl8 the Sneak (level 2, -1/27 HPs)
             Began as a Minotaur Delver on Jan 23, 2022.
             Slain by an orc wizard (2 damage)
             ... on level 4 of the Dungeon.
             The game lasted 00:00:47 (143 turns).

cbfl8 the Sneak (Minotaur Delver)                    Turns: 143, Time: 00:00:47

Health: -1/27      AC:  3    Str: 16    XL:     2   Next: 3%
Magic:  1/1        EV: 11    Int:  7    God:
Gold:   0          SH:  0    Dex: 11    Spells: 1/1 levels left

rFire    . . .     SeeInvis .   a - +0 hand axe
rCold    . . .     Faith    .   (no shield)
rNeg     . . .     Spirit   .   b - +0 leather armour
rPois    .         Reflect  .   (helmet restricted)
rElec    .         Harm     .   (no cloak)
rCorr    .         Rampage  .   (no gloves)
Will     .....                  (no boots)
Stlth    +.........             (no amulet)
HPRegen  0.09/turn              (no ring)
MPRegen  0.07/turn              (no ring)

@: confused, hasted (expiring), very quick
A: horns 2, retaliatory headbutt
a: no special abilities


You were on level 4 of the Dungeon.
You visited 1 branch of the dungeon, and saw 2 of its levels.

Inventory:

Hand Weapons
 a - a +0 hand axe (weapon)
Armour
 b - a +0 leather armour (worn)
Wands
 g - a wand of digging (3)
Scrolls
 c - a scroll of fog
 e - a scroll of fear


   Skills:
 + Level 3.7 Fighting
 + Level 2.5 Axes
 + Level 2.2 Dodging
 + Level 4.4 Stealth


You had one spell level left.
You didn't know any spells.
Your spell library was empty.

Dungeon Overview and Level Annotations

Branches:
Dungeon (5/15)             Temple (0/1) D:4

Altars:
Dithmenos


Innate Abilities, Weirdness & Mutations

You have a pair of horns on your head.
You reflexively headbutt those who attack you in melee.


Message History

The adder is severely wounded.
The adder closely misses you. The adder bites you.
You hit the adder.
The adder is almost dead.
The adder misses you. You furiously retaliate!
You headbutt the adder!
You kill the adder!
You have reached level 2!
You start resting.
You hear the slow rusting of a very distant drain.
You see here an adder corpse.
A water moccasin comes into view.
Found a shadowy altar of Dithmenos.
Found 20 stones.
You feel yourself speed up.
You see here 20 stones.
Found a stone staircase leading up.
You hear the slow rusting of a distant drain.
An orc comes into view. It is wielding a +0 dagger.
An orc priest and an orc wizard come into view.
The orc shouts!
You hear a shout! x2
An orc and an orc wizard come into view.
The orc priest invokes the aid of Beogh against you.
Beogh smites you! The orc wizard casts a spell at you.
You are confused.
The orc priest invokes the aid of Beogh against you.
Beogh smites you!
Ouch! That really hurt!
* * * LOW HITPOINT WARNING * * *
The orc hits you but does no damage.
You're too confused to move!
Your extra speed is starting to run out.
The orc barely misses you. The orc hits you with a +0 dagger.
* * * LOW HITPOINT WARNING * * *
You hit the orc.
The orc is heavily wounded.
You hit the orc wizard but do no damage.
You hit the orc. You completely miss the orc wizard. The orc barely misses you.
The orc wizard hits you with a +0 dagger.
You die...

*,** *#...........
*,,* **#.........
**,* *#........
*,** ##...#... **,*
####...### #.**
#####...####
##..#######....####
*#...........####
**,,##..o@o.###
***,,**##..oo.#*
**,,*** ##..o..#
*,,** #.....#* *,**
##.....# ***
*#####.#*****
*≈≈≈≈*.#≈≈≈≈*
*≈≈≈≈*.#≈≈≈≈*
*≈≈≈≈*,*≈≈≈≈*


You could see an orc priest, 2 orc wizards and 2 orcs.

Vanquished Creatures
  An adder (D:4)
1 creature vanquished.

Notes
Turn   | Place    | Note
-------+----------+-------------------------------------------
     0 | D:5      | cbfl8 the Minotaur Delver began the quest for the Orb.
     0 | D:5      | Reached XP level 1. HP: 19/19 MP: 0/0
    62 | D:4      | Reached XP level 2. HP: 22/27 MP: 1/1
    68 | D:4      | Found a shadowy altar of Dithmenos.
    68 | D:4      | Noticed a water moccasin
   142 | D:4      | HP: 1/27 [orc (1)]
   143 | D:4      | Slain by an orc wizard

Illustrated notes

Levels and vault maps discovered:
D:4:      layout_cave_pods, nicolae_dithmenos_shadow_blocks,
          minmay_temple_entry_poolview, portal_sewer_entry_b,
          amcnicky_mini_corridor_feature, supply_closet_lemuel
D:5:      due_chaos_kobolds, layout_layer_cave

Action                   || total
-------------------------++-------
Melee: Hand axe          ||     5
  Use: Scroll            ||     1
       Potion            ||     1
 Stab: Sleeping          ||     1
Armor: Leather armour    ||     1
Dodge: Dodged            ||     6
